 Dungeon Crawl Stone Soup version 0.30.0-19-g36f170ea60 (webtiles) character file.

Game seed: 17205732353629449955

42 EC1 the Grasshopper (level 3, -6/30 HPs)
             Began as a Ghoul Warper on May 26, 2023.
             Mangled by a gnoll
             ... wielding a +0 flail
              (8 damage)
             ... on level 3 of the Dungeon.
             The game lasted 00:11:37 (2277 turns).

EC1 the Grasshopper (Ghoul Warper)                  Turns: 2277, Time: 00:11:38

Health: -6/30      AC:  3    Str: 12 (14) XL:     3   Next: 56%
Magic:  2/5        EV: 11    Int: 10      God:
Gold:   154        SH:  0    Dex:  7 (8)  Spells: 1/6 levels left

rFire   . .          .
                       - Unarmed
rCold   + . .        (no shield)
rNeg    + + +        a - +0 leather armour
rPois   ∞            (no helmet)
rElec   .            (no cloak)
rCorr   .            (no gloves)
SInv    .            (no boots)
Will    .....        (no amulet)
Stlth   +            e - ring of wizardry
HPRegen 0.00/turn    (no ring)
MPRegen 0.09/turn

%: wizardry (x1)
@: mighty, very slightly contaminated, inhibited regen
A: claws 1, cold resistance 1, negative energy resistance 3, inhibited
regeneration, torment resistance 2, devour on kill
a: no special abilities


You were on level 3 of the Dungeon.
You visited 1 branch of the dungeon, and saw 3 of its levels.

You collected 154 gold pieces.

Inventory:

Hand Weapons
 d - a +0 flail
 f - a +1 dagger of speed
Missiles
 c - 7 boomerangs of dispersal (quivered)
Armour
 a - a +0 leather armour (worn)
Jewellery
 e - a ring of wizardry (left claw)
Wands
 h - a wand of light (8)
Scrolls
 b - a scroll of blinking
 k - 3 scrolls of identify
Potions
 j - a potion of brilliance


   Skills:
 + Level 2.3 Fighting
 + Level 0.8 Throwing
 - Level 1.5 Armour
 + Level 1.8 Dodging
 + Level 2.9 Unarmed Combat
 + Level 2.0 Spellcasting
 * Level 3.1 Translocations


You had one spell level left.
You knew the following spells:

 Your Spells              Type           Power      Damage    Failure   Level
a - Vhi's Electric Charg  Tloc/Air       8%         N/A       24%         3
b - Blink                 Tloc           14%        N/A       7%          2

Your spell library contained the following spells:

 Spells                   Type           Power      Damage    Failure   Level
 Lesser Beckoning         Tloc           14%        N/A       7%          2
 Teleport Other           Tloc           7%         N/A       13%         3
 Cigotuvi's Dreadful Rot  Necr/Pois/Air  2%         N/A       24%         2
 Manifold Assault         Tloc           7%         N/A       38%         4
 Ignite Poison            Fire/Tmut/Pois 1%         N/A       41%         3
 Petrify                  Tmut/Erth      1%         N/A       80%         4
 Freezing Cloud           Conj/Ice/Air   0%         6-21      98%         5
 Metabolic Englaciation   Hex/Ice        0%         N/A       98%         5
 Statue Form              Tmut/Erth      Unusable   N/A       N/A         6

Dungeon Overview and Level Annotations

Branches:
Dungeon (3/15)

Altars:


Innate Abilities, Weirdness & Mutations

You are immune to poison.
You have sharp fingernails.
Your flesh is cold resistant. (rC+)
You are immune to negative energy. (rN+++)
You do not regenerate when monsters are visible.
You are immune to unholy pain and torment.
You thrive by killing the living.


Message History

You barely miss the gnoll. You claw the gnoll!
The gnoll is severely wounded.
You feel stable enough to blink again. The gnoll closely misses you.
Casting: Blink (safe; 7% risk of failure)
Confirm with . or Enter, or press ? or * to list all spells.
The spell is quite dangerous to miscast (26% risk of failure)!
Continue anyway?
Uppercase [Y]es or [N]o only, please.
The spell is quite dangerous to miscast (26% risk of failure)!
Continue anyway?
Charge where?
Press: ? - help, Dir - move target, f - gnoll
Aim: a gnoll, wielding a +0 flail (81% to hit)
You miscast Vhi's Electric Charge.
You are very lightly contaminated with residual magic.
Nothing appears to happen.
The gnoll hits you from afar with a +0 spear.
The gnoll hits you with a +0 flail.
You claw the gnoll!
You kill the gnoll!
You feel better. The gnoll hits you with a +0 flail!
The gnoll hits you from afar with a +0 spear!
* * * LOW HITPOINT WARNING * * *
Casting: Vhi's Electric Charge (quite dangerous; 24% risk of failure)
Confirm with . or Enter, or press ? or * to list all spells.
Okay, then.
Magic courses through your body. The gnoll closely misses you.
The gnoll hits you from afar with a +0 spear.
* * * LOW HITPOINT WARNING * * *
The gnoll misses you. The gnoll barely misses you.
You see here a +0 whip.
Casting: Vhi's Electric Charge (quite dangerous; 24% risk of failure)
Confirm with . or Enter, or press ? or * to list all spells.
The spell is quite dangerous to miscast (24% risk of failure)!
Continue anyway?
Charge where?
Press: ? - help, Dir - move target, f - gnoll, p - gnoll
Aim: a gnoll, wielding a +0 spear (81% to hit)
You charge forward with an electric crackle!
You scratch the gnoll but do no damage. The gnoll hits you with a +0 flail!
You die...

############
#..........#
#..........#
#..........#
#..........#
#.......$..#
#..........#
#........g.#
##....g@g?##
........§.#
##........#
####.#.###
#.... #.#.#
..#.# .. #..
... ..


You could see 3 gnolls.

Vanquished Creatures
  A gnoll (D:3)
  2 worms (D:2)
  4 ball pythons
  An endoplasm (D:1)
  A giant cockroach (D:1)
  A goblin (D:2)
  4 hobgoblins
  3 kobolds
  3 quokkas (D:1)
  3 bats
  3 frilled lizards
  A rat (D:2)
27 creatures vanquished.

Notes
Turn   | Place    | Note
-------+----------+-------------------------------------------
     0 | D:1      | EC1 the Ghoul Warper began the quest for the Orb.
     0 | D:1      | Reached XP level 1. HP: 17/17 MP: 2/2
   193 | D:1      | Reached skill level 1 in Armour
   233 | D:1      | Reached XP level 2. HP: 24/24 MP: 4/4
   997 | D:2      | Reached skill level 3 in Translocations
  1571 | D:2      | Reached XP level 3. HP: 29/29 MP: 5/5
  1869 | D:2      | Learned a level 3 spell: Vhi's Electric Charge
  1872 | D:2      | Learned a level 2 spell: Blink
  2277 | D:3      | Mangled by a gnoll

Illustrated notes

Levels and vault maps discovered:
D:1:      dpeg_arrival_simpleton_a, layout_basic, amethyst_killhole,
          chequers_serial_rivers_micro_d
D:2:      layout_loops_cross
D:3:      layout_rooms, nicolae_ru_great_annihilating_truth,
          wad_floor_pattern_untrapped

Skill      XL: |  1  2 |
---------------+-------+-----
Armour         | 1 |  1.5
Spellcasting   | 2 |  2.0
Translocations | 3 |  3.1
Fighting       | |  2.3
Throwing       | |  0.8
Dodging        | |  1.8
Unarmed Combat | |  2.9

Action                     || total
---------------------------++-------
  Melee: Unarmed           ||   112
   Cast: Blink             ||     1
         Vhi's Electric Ch ||     1
    Use: Scroll            ||     5
         Potion            ||     7
 Armour: Leather armour    ||    29
  Dodge: Dodged            ||    63
